 Dungeon Crawl Stone Soup version 0.27.1-1-g398f81649c (webtiles) character file.

Game seed: 6240332983621212874

2 snilloc10 the Chiller (level 1, -3/13 HPs)
             Began as a Human Ice Elementalist on Sept 8, 2021.
             Slain by a worm (4 damage)
             ... on level 2 of the Dungeon on Sept 14, 2021.
             The game lasted 00:04:51 (168 turns).

snilloc10 the Chiller (Human Ice Elementalist)       Turns: 168, Time: 00:04:55

Health: -3/13      AC:  2    Str:  8    XL:     1   Next: 44%
Magic:  1/3        EV: 12    Int: 15    God:
Gold:   0          SH:  0    Dex: 13    Spells: 3/4 levels left

rFire    . . .     SeeInvis .   d - +0 dagger
rCold    . . .     Faith    .   (no shield)
rNeg     . . .     Spirit   .   a - +0 robe
rPois    .         Reflect  .   (no helmet)
rElec    .         Harm     .   (no cloak)
rCorr    .         Rampage  .   (no gloves)
Will     .....                  (no boots)
Stlth    ++........             (no amulet)
HPRegen  0.04/turn              (no ring)
MPRegen  0.08/turn              (no ring)

@: no status effects
A: no striking features
a: no special abilities


You were on level 2 of the Dungeon.
You visited 1 branch of the dungeon, and saw 2 of its levels.

Inventory:

Hand Weapons
 d - a +0 dagger (weapon)
Armour
 a - a +0 robe (worn)
Scrolls
 c - a scroll of teleportation {unknown}
Potions
 b - a potion of curing {unknown}


   Skills:
 + Level 2.0 Dodging
 + Level 2.0 Stealth
 + Level 2.1 Spellcasting
 + Level 4.0 Ice Magic


You had 3 spell levels left.
You knew the following spells:

 Your Spells              Type           Power      Damage    Failure   Level
a - Freeze                Ice            52%        1d7       4%          1

Your spell library contained the following spells:

 Spells                   Type           Power      Damage    Failure   Level
 Frozen Ramparts          Ice            26%        1d4       12%         3
 Ozocubu's Armour         Ice            13%        N/A       12%         3
 Hailstorm                Conj/Ice       7%         3d4       67%         4


Dungeon Overview and Level Annotations

Branches:
Dungeon (2/15)

Altars:


Message History

Press: ? - help, Shift-Dir - straight line, f/p - goblin
Aim: a goblin, wielding a +0 dagger (severely wounded)
You freeze the goblin.
You kill the goblin!
Things that are here:
a +0 dagger; a goblin corpse
Aiming: Freeze (safe; 4% risk of failure)
Press: ? - help, Q - select action Shift-Dir - straight line, f - you
Okay, then.
d - a +0 dagger Drop what? 4/52 slots (_ for help) (? for menu, Esc to quit)
Okay, then.
You see here a goblin corpse.
Unknown command.
There are no objects that can be picked up here. a goblin corpse A frilled lizard and a worm come into view.
Sorry, you're not good enough to have a special ability.
Okay, then.
d - a +0 dagger (weapon)
There are monsters nearby!
Found an escape hatch in the floor.
You hit the worm.
The worm is lightly wounded.
The worm bites you!
Ouch! That really hurt!
* * * LOW HITPOINT WARNING * * *
You are too injured to fight recklessly!
Casting: Freeze (safe; 4% risk of failure)
Confirm with . or Enter, or press ? or * to list all spells.
You can't see any susceptible monsters within range! (Use Z to cast anyway.)
Casting: Freeze (safe; 4% risk of failure)
Confirm with . or Enter, or press ? or * to list all spells.
Aiming: Freeze (safe; 4% risk of failure)
Press: ? - help, Shift-Dir - straight line, f - worm
Aim: a worm You freeze the worm.
The worm is moderately wounded.
The worm bites you.
You die...

#. ########## ####.#
#..<.. ... ...>. #....
..# .. .... #...##..
...##.. ###......
.......## ......# #
........#######.#..##.#.#
#.w@...†..........#
#........###.######
#........# #.# #........#
#<# #........# #.##
#........# #..#
#(.......# ##.#
......##### #.# #.###l
#.#


You could see a worm.

Vanquished Creatures
  A goblin (D:2)
  2 frilled lizards (D:1)
3 creatures vanquished.

Notes
Turn   | Place    | Note
-------+----------+-------------------------------------------
     0 | D:1      | snilloc10 the Human Ice Elementalist began the quest for
                  | the Orb.
     0 | D:1      | Reached XP level 1. HP: 13/13 MP: 3/3
   168 | D:2      | Slain by a worm

Illustrated notes

Levels and vault maps discovered:
D:1:      shiori_shiawase, layout_basic, serial_shops, nicolae_shop_statue_plus,
          shapermc_ecumenical_altar_ellora
D:2:      layout_loops_cross, minmay_tripent, uniq_sigmund, uniq_natasha,
          uniq_robin

Action                   || total
-------------------------++-------
Melee: Unarmed           ||     5
       Dagger            ||     1
 Cast: Freeze            ||     4
Armor: Robe              ||     3
Dodge: Dodged            ||     8
